 Dungeon Crawl Stone Soup version 0.24.0-13-gcf9b3192b9 (webtiles) character file.

Game seed: 11590941069391279703, levelgen mode: deterministic

3571 EmberCloud the Magician (level 10, -2/77 HPs)
             Began as a Gnoll Skald on Nov 9, 2019.
             Was an Elder of Okawaru.
             Slain by a killer bee (10 damage)
             ... on level 8 of the Dungeon.
             The game lasted 00:46:44 (5517 turns).

EmberCloud the Magician (Gnoll Skald)               Turns: 5517, Time: 00:46:45

Health: -2/77      AC:  5    Str: 15    XL:     10   Next: 9%
Magic:  1/20       EV: 20    Int: 17    God:    Okawaru [****..]
Gold:   375        SH:  7    Dex: 15    Spells: 9/23 levels left

rFire    + + .     SeeInvis .   x - +2 hand axe (elec)
rCold    . . .     Gourm    .   F - +0 buckler
rNeg     + . .     Faith    .   t - +1 robe {rC+ rF+}
rPois    .         Spirit   .   (no helmet)
rElec    .         Reflect  .   N - +0 cloak
rCorr    .         Harm     .   (no gloves)
MR       .....                  (no boots)
Stlth    ++++......             (no amulet)
HPRegen  0.22/turn              h - ring of positive energy
MPRegen  0.17/turn              r - ring of fire

@: lethally poisoned (-2 -> -5), heroism, singing
A: distributed training, fangs 1, strong nose
a: Heroism, Renounce Religion


You were on level 8 of the Dungeon.
You worshipped Okawaru.
Okawaru was greatly pleased with you.
You were not hungry.

You visited 2 branches of the dungeon, and saw 9 of its levels.
You also visited: Ossuary.

You collected 375 gold pieces.

Inventory:

Hand Weapons
 q - a +4 dagger
 v - a +3 short sword
 x - a +2 hand axe of electrocution (weapon)
 C - a +0 great sword
Missiles
 n - 13 javelins
 y - 12 poisoned darts (quivered)
Armour
 b - a +0 leather armour
 t - a +1 robe of resistance (worn)
 F - a +0 buckler (worn)
 N - a +0 cloak (worn)
Jewellery
 h - a ring of positive energy (left hand)
 r - a ring of fire (right hand)
 O - an uncursed ring of protection from cold
Wands
 M - a wand of random effects (25)
Scrolls
 c - 12 scrolls of remove curse
 f - 8 scrolls of teleportation
 j - 2 scrolls of magic mapping
 l - 2 scrolls of fear {unknown}
 s - 4 scrolls of immolation {unknown}
 u - a scroll of blinking
 w - 2 scrolls of random uselessness {unknown}
 G - 4 scrolls of amnesia {unknown}
 J - 2 scrolls of enchant armour {unknown}
Potions
 e - 2 potions of degeneration {unknown}
 g - 4 potions of lignification
 m - a potion of cancellation {unknown}
 o - a potion of brilliance {unknown}
 p - 3 potions of heal wounds {unknown}
 z - 3 potions of agility {unknown}
 A - a potion of flight {unknown}
 D - a potion of invisibility {unknown}
 E - a potion of resistance {unknown}
 H - a potion of magic {unknown}
 I - 3 potions of curing {unknown}
 L - a potion of might {unknown}
Comestibles
 a - 3 chunks of flesh
 d - 17 rations


   Skills:
 + Level 6.7(11.7) Fighting
 + Level 4.8(9.8) Short Blades
 + Level 4.8(9.8) Long Blades
 + Level 6.7(11.7) Axes
 + Level 4.8(9.8) Maces & Flails
 + Level 4.8(9.8) Polearms
 + Level 4.8(9.8) Staves
 + Level 4.8(9.8) Slings
 + Level 4.8(9.8) Bows
 + Level 4.8(9.8) Crossbows
 + Level 4.8(9.8) Throwing
 + Level 5.5(10.5) Armour
 + Level 6.7(11.7) Dodging
 + Level 4.8(9.8) Stealth
 + Level 4.8(9.8) Shields
 + Level 4.8(9.8) Unarmed Combat
 + Level 7.0 Spellcasting
 + Level 4.0 Conjurations
 + Level 4.0 Hexes
 + Level 6.8 Charms
 + Level 4.0 Summonings
 + Level 4.0 Necromancy
 + Level 4.0 Translocations
 + Level 4.0 Transmutations
 + Level 4.0 Fire Magic
 + Level 4.0 Ice Magic
 + Level 4.0 Air Magic
 + Level 4.0 Earth Magic
 + Level 4.0 Poison Magic
 + Level 5.3 Invocations
 + Level 4.8 Evocations


You had 9 spell levels left.
You knew the following spells:

 Your Spells              Type           Power        Failure   Level  Hunger
a - Infusion              Chrm           ####         1%          1    None
b - Song of Slaying       Chrm           ####....     1%          2    None
c - Regeneration          Chrm/Necr      ###.......   3%          3    ##.....
d - Confuse               Hex            ###.....     7%          3    ##.....
e - Metabolic Englaciati  Hex/Ice        ###.......   52%         5    #####..

Your spell library contained the following spells:

 Spells                   Type           Power        Failure   Level  Hunger
 Shroud of Golubria       Chrm/Tloc      ###...       1%          2    None
 Confusing Touch          Hex            ###...       2%          1    None
 Spectral Weapon          Hex/Chrm       ###.....     3%          3    ##.....
 Gell's Gravitas          Tloc           ###.......   7%          3    ##.....
 Petrify                  Tmut/Erth      ###.....     22%         4    ####...
 Yara's Violent Unravell  Hex/Tmut       ###.......   52%         5    #####..


Dungeon Overview and Level Annotations

Branches:
Dungeon (8/15)             Temple (1/1) D:4         Ossuary (visited)
   Lair: D:8-11

Altars:
Ashenzari
Cheibriados
Fedhas
Gozag
Makhleb
Okawaru
Sif Muna
Trog
Wu Jian
Xom
Yredelemnul
Zin

Shops:
D:5 [


Innate Abilities, Weirdness & Mutations

Your experience applies equally to all skills.
You have very sharp teeth.
Your uncanny sense of smell can sniff out nearby items.


Message History

Items here: ) †††††† A killer bee comes into view.
The killer bee closely misses you.
A queen bee comes into view.
You block the killer bee's attack.
Found a ration.
You slash the killer bee!
The killer bee is severely wounded.
You feel sick.
You hear an angry buzzing noise.
The killer bee stings you!
* * * LOW HITPOINT WARNING * * *
You block the killer bee's attack. The killer bee stings you.
* * * LOW HITPOINT WARNING * * *
Items here: ) †††††† You butcher the ogre corpse.
You feel sick. You block the killer bee's attack.
The killer bee completely misses you. You block the killer bee's attack.
The killer bee stings you!
You die...

# #..#
%##...# #
#.#...
.####....#
∆...y....#
######...#.#
#...../....#
#.yy# ##@##
#.#####.###
#........#
#.###..$#.#
#.###.# #>
#.# #. #.#
#. ##.# #.
.#.#


You could see a queen bee and 2 killer bees.

Vanquished Creatures
  A wyvern (D:8)
  A hungry ghost (D:7)
  A black bear (D:5)
  3 orc warriors (D:7)
  A phantom (D:7)
  3 ice beasts
  3 ogres
  7 elf zombies (Ossuary)
  2 bullfrogs (D:7)
  A scorpion (D:6)
  10 killer bees (D:8)
  6 wights
  2 centaur zombies
  A crimson imp (D:5)
  2 quasits
  2 hounds
  2 bullfrog skeletons (D:4)
  2 orc wizards
  4 human zombies (Ossuary)
  Terence (D:2)
  3 iguanas
  5 worker ants
  A hound skeleton (D:4)
  3 mummies (Ossuary)
  A worker ant zombie (D:8)
  10 adders
  2 shadow imps (D:7)
  An ooze (D:1)
  An adder zombie (D:6)
  2 adder skeletons
  2 worms (D:3)
  A dart slug (D:2)
  3 leopard geckos
  14 orcs
  4 ball pythons
  7 giant cockroaches
  3 goblins
  10 hobgoblins
  11 jackals
  6 kobolds
  3 quokkas
  9 bats
  5 frilled lizards
  A jackal skeleton (D:7)
  A leopard gecko skeleton (D:6)
  A quokka zombie (D:5)
  12 rats
  A rat zombie (D:5)
178 creatures vanquished.

Notes
Turn   | Place    | Note
-------+----------+-------------------------------------------
     0 | D:1      | EmberCloud the Gnoll Skald began the quest for the Orb.
     0 | D:1      | Reached XP level 1. HP: 20/20 MP: 6/6
   193 | D:1      | Reached XP level 2. HP: 16/26 MP: 2/7
   506 | D:1      | Reached XP level 3. HP: 28/31 MP: 9/9
   676 | D:2      | Reached skill level 5 in Spellcasting
   692 | D:2      | Learned a level 2 spell: Song of Slaying
   738 | D:2      | Learned a level 3 spell: Regeneration
   797 | D:2      | Noticed Terence
   807 | D:2      | Killed Terence
   807 | D:2      | Reached skill level 1 in Short Blades
   807 | D:2      | Reached skill level 1 in Long Blades
   807 | D:2      | Reached skill level 1 in Maces & Flails
   807 | D:2      | Reached skill level 1 in Polearms
   807 | D:2      | Reached skill level 1 in Staves
   807 | D:2      | Reached skill level 1 in Slings
   807 | D:2      | Reached skill level 1 in Bows
   807 | D:2      | Reached skill level 1 in Crossbows
   807 | D:2      | Reached skill level 1 in Throwing
   807 | D:2      | Reached skill level 1 in Stealth
   807 | D:2      | Reached skill level 1 in Shields
   807 | D:2      | Reached skill level 1 in Unarmed Combat
   807 | D:2      | Reached skill level 1 in Invocations
   807 | D:2      | Reached skill level 1 in Evocations
   842 | D:2      | Found a snail-covered altar of Cheibriados.
   849 | D:2      | Reached XP level 4. HP: 38/38 MP: 11/11
  1150 | D:2      | Found a shattered altar of Ashenzari.
  1353 | D:2      | Reached skill level 1 in Conjurations
  1353 | D:2      | Reached skill level 1 in Hexes
  1353 | D:2      | Reached skill level 1 in Summonings
  1353 | D:2      | Reached skill level 1 in Necromancy
  1353 | D:2      | Reached skill level 1 in Translocations
  1353 | D:2      | Reached skill level 1 in Transmutations
  1353 | D:2      | Reached skill level 1 in Fire Magic
  1353 | D:2      | Reached skill level 1 in Ice Magic
  1353 | D:2      | Reached skill level 1 in Air Magic
  1353 | D:2      | Reached skill level 1 in Earth Magic
  1353 | D:2      | Reached skill level 1 in Poison Magic
  1570 | D:3      | Reached XP level 5. HP: 23/43 MP: 12/12
  1592 | D:3      | Found a basalt altar of Yredelemnul.
  1925 | D:3      | Noticed a moth of wrath
  1928 | D:3      | Found a bloodstained altar of Trog.
  2047 | D:4      | Found a staircase to the Ecumenical Temple.
  2085 | D:4      | Noticed an ogre
  2092 | D:4      | Killed an ogre
  2092 | D:4      | Reached XP level 6. HP: 40/50 MP: 13/13
  2175 | Temple   | Entered the Ecumenical Temple
  2204 | Temple   | Became a worshipper of Warmaster Okawaru
  2258 | D:4      | Reached skill level 5 in Fighting
  2258 | D:4      | Reached skill level 5 in Axes
  2258 | D:4      | Reached skill level 5 in Dodging
  2631 | D:5      | Entered Level 5 of the Dungeon
  2656 | D:5      | Reached XP level 7. HP: 56/56 MP: 15/15
  2755 | D:5      | Reached * piety under Okawaru
  2929 | D:5      | Found an ornate altar of the Wu Jian Council.
  2951 | D:5      | Found a sand-covered staircase.
  2975 | Ossuary  | Entered an ossuary
  3024 | Ossuary  | Reached XP level 8. HP: 19/63 MP: 1/16
  3109 | Ossuary  | Reached ** piety under Okawaru
  3164 | Ossuary  | Reached skill level 6 in Spellcasting
  3652 | D:5      | Found a glowing silver altar of Zin.
  3678 | D:5      | Found Lozallots's Antique Armour Shoppe.
  4103 | D:6      | Reached *** piety under Okawaru
  4103 | D:6      | Reached XP level 9. HP: 13/69 MP: 9/18
  4704 | D:7      | Found a shimmering blue altar of Sif Muna.
  4876 | D:7      | Received a gift from Okawaru
  4908 | D:7      | Reached skill level 5 in Armour
  5163 | D:7      | Reached **** piety under Okawaru
  5179 | D:7      | Learned a level 3 spell: Confuse
  5185 | D:7      | Learned a level 5 spell: Metabolic Englaciation
  5232 | D:7      | HP: 1/71 [orc warrior/+0 war axe (7)]
  5436 | D:8      | Reached skill level 5 in Invocations
  5497 | D:8      | Reached XP level 10. HP: 37/77 MP: 2/20
  5498 | D:8      | Reached skill level 7 in Spellcasting
  5517 | D:8      | Slain by a killer bee

Levels and vault maps discovered:
D:1:      minmay_arrival_four_houses, layout_basic
D:2:      layout_loops_ring, kennysheep_slug_shrine, lemuel_doored_altar,
          minmay_misc_feat_diagonals, kennysheep_doodads,
          kennysheep_generic_room_5, uniq_terence
D:3:      layout_basic, nicolae_overflow_crystal_walls, tgw_trog, first_ration,
          minmay_splitting_lines
D:4:      layout_basic, minmay_temple_entry_ruins, kennysheep_generic_room_16
D:5:      layout_basic, kennysheep_mini, kennysheep_mini_moat, enter_ossuary_3,
          serial_shops, nicolae_shop_waterfront
D:6:      layout_loops_ring
D:7:      layout_rooms, lemuel_coloured_pillars_altar, hangedman_decor_growths,
          kennysheep_generic_room_11
D:8:      layout_loops_ring, david_nohive_1, minmay_curled_crystal
Temple:   oiseaux_autumnal_temple

Skill      XL: |  1  2  3  4  5  6  7  8  9 10 |
---------------+-------------------------------+-----
Spellcasting   | 5 6 7 |  7.0
Short Blades   | 1 2 3 4 |  4.8
Long Blades    | 1 2 3 4 |  4.8
Maces & Flails | 1 2 3 4 |  4.8
Polearms       | 1 2 3 4 |  4.8
Staves         | 1 2 3 4 |  4.8
Slings         | 1 2 3 4 |  4.8
Bows           | 1 2 3 4 |  4.8
Crossbows      | 1 2 3 4 |  4.8
Throwing       | 1 2 3 4 |  4.8
Stealth        | 1 2 3 4 |  4.8
Shields        | 1 2 3 4 |  4.8
Unarmed Combat | 1 2 3 4 |  4.8
Invocations    | 1 2 3 4 5 |  5.3
Evocations     | 1 2 3 4 |  4.8
Conjurations   | 1 2 3 4 |  4.0
Hexes          | 1 2 3 4 |  4.0
Summonings     | 1 2 3 4 |  4.0
Necromancy     | 1 2 3 4 |  4.0
Translocations | 1 2 3 4 |  4.0
Transmutations | 1 2 3 4 |  4.0
Fire Magic     | 1 2 3 4 |  4.0
Ice Magic      | 1 2 3 4 |  4.0
Air Magic      | 1 2 3 4 |  4.0
Earth Magic    | 1 2 3 4 |  4.0
Poison Magic   | 1 2 3 4 |  4.0
Armour         | 3 4 5 |  5.5
Fighting       | 5 6 |  6.7
Axes           | 5 6 |  6.7
Dodging        | 5 6 |  6.7
Charms         | 6 |  6.8

Action                   |  1- 3 |  4- 6 |  7- 9 | 10-12 || total
-------------------------+-------+-------+-------+-------++-------
Melee: Hand axe          |    92 |   151 |   296 |    16 ||   555
       Bite              |     6 |     9 |    34 |       ||    49
       Punch             |     1 |       |       |       ||     1
Throw: Javelin           |       |     4 |       |       ||     4
       Dart              |       |     4 |    22 |       ||    26
 Cast: Infusion          |     3 |     4 |    14 |       ||    21
       Regeneration      |       |       |     7 |       ||     7
       Song of Slaying   |       |       |     3 |       ||     3
       Confuse           |       |       |     1 |       ||     1
Invok: Heroism           |       |       |     3 |       ||     3
  Use: Scroll            |       |     8 |     7 |       ||    15
 Stab: Sleeping          |       |     6 |     5 |       ||    11
       Confused          |       |       |     2 |       ||     2
  Eat: Chunk             |       |     6 |     3 |       ||     9
       Ration            |       |       |     2 |       ||     2
Armor: Leather armour    |    24 |    10 |       |       ||    34
       Robe              |       |    21 |    19 |     1 ||    41
Dodge: Dodged            |    78 |   106 |   175 |     9 ||   368
Block: Buckler           |       |       |    63 |     5 ||    68
